AoeStats
← lamanito6

Arena

504441049Analyzed
3v3 RM · 27d ago on Sep 5, 2026· 103m 46s· 6 players
Game mode
Random Map
Map size
Normal (6 player)
Population
200
Speed
Normal
Resources
Standard
Victory
Conquest
Starting age
Dark Age
Ending age
Imperial Age
RankedLock teamsTeams togetherTeam positionsShared explorationLock speedFull tech treeHidden civsTurbo modeCheats
Victory
Defeat
🇪🇸 Shu · Spain
1129
+15
🇨🇭 Gurjaras · Switzerland
1059
+18
🇨🇿 Ethiopians · Czechia
1024
+19
🇨🇳 Vietnamese · China
1174
-20
🇦🇺 Wei · Australia
1130
-19
🇺🇸 Celts · United States
996
-13
FreakinAndry
11:18 Feudal Age
15:21 Castle Age
13:15 Double-Bit Axe
13:45 Horse Collar
16:35 Bow Saw
18:12 Wheelbarrow
21:20 Heavy Plow
23:56 Hand Cart
25:38 Gold Mining
26:13 Stone Mining
26:49 Forging
26:44 Scale Barding Armor
28:06 Bloodlines
27:56 Husbandry
30:28 Imperial Age
27:46 Loom
28:32 Light Cavalry
31:42 Iron Casting
31:28 Chain Barding Armor
31:56 Gold Shaft Mining
31:57 Stone Shaft Mining
31:56 Crop Rotation
30:54 Heavy Camel Rider
30:55 Hussar
33:14 Conscription
33:43 Frontier Guards
35:17 Kshatriyas
34:32 Elite Chakram Thrower
36:48 Plate Barding Armor
51:39 Caravan
80:39 Chemistry
BetterBrother
11:05 Feudal Age
12:19 Double-Bit Axe
15:05 Castle Age
12:53 Horse Collar
16:24 Bow Saw
16:37 Heavy Plow
17:56 Wheelbarrow
19:54 Loom
21:51 Hand Cart
21:29 Gold Mining
24:14 Fervor
24:30 Stone Mining
25:17 Gold Shaft Mining
25:36 Sanctity
25:11 Town Watch
27:23 Stone Shaft Mining
32:00 Imperial Age
29:28 Fletching
29:39 Padded Archer Armor
29:53 Fortified Wall
31:34 Masonry
32:21 Squires
32:07 Arson
32:34 Forging
32:24 Scale Mail Armor
32:20 Bodkin Arrow
32:41 Leather Archer Armor
32:22 Onager
32:22 Heavy Scorpion
33:26 Conscription
34:20 Torsion Engines
35:23 Chemistry
34:29 Siege Engineers
35:06 Town Patrol
36:14 Bracer
36:45 Ring Archer Armor
37:15 Architecture
38:04 Siege Onager
39:00 Scale Barding Armor
39:31 Iron Casting
39:12 Chain Mail Armor
39:39 Murder Holes
40:05 Ballistics
39:18 Light Cavalry
41:09 Husbandry
42:00 Hussar
42:02 Cavalier
44:11 Chain Barding Armor
44:51 Blast Furnace
43:53 Heavy Camel Rider
45:45 Two-Man Saw
44:48 Caravan
47:23 Plate Mail Armor
48:40 Royal Heirs
48:00 Elite Shotel Warrior
48:04 Halberdier
58:29 Sappers
69:48 Elite Skirmisher
97:12 Coinage
96:55 Guilds
lamanito6
10:24 Feudal Age
10:50 Double-Bit Axe
11:57 Horse Collar
17:18 Castle Age
16:13 Gold Mining
16:13 Stone Mining
22:11 Fletching
22:21 Padded Archer Armor
22:58 Bow Saw
25:05 Wheelbarrow
25:20 Bodkin Arrow
26:52 Scale Mail Armor
31:10 Imperial Age
30:07 Crossbowman
30:52 Thumb Ring
31:36 Forging
31:44 Leather Archer Armor
31:15 Arbalester
31:58 Bolt Magazine
32:48 Bracer
33:19 Ring Archer Armor
33:26 Ballistics
34:06 Chemistry
40:04 Onager
50:24 Elite Skirmisher
51:33 Pikeman
52:26 Forging
52:31 Chain Mail Armor
52:35 Halberdier
53:21 Squires
61:06 Coiled Serpent Array
Unchained96
7:12 Loom
9:05 Feudal Age
9:31 Double-Bit Axe
9:27 Horse Collar
9:37 Gold Mining
11:51 Wheelbarrow
16:43 Castle Age
15:40 Stone Mining
18:05 Gold Shaft Mining
17:41 Bow Saw
17:41 Heavy Plow
17:30 Loom
22:43 Hand Cart
29:37 Imperial Age
27:11 Fletching
27:21 Padded Archer Armor
28:18 Bodkin Arrow
28:46 Thumb Ring
28:58 Leather Archer Armor
30:45 Conscription
30:55 Parthian Tactics
30:33 Bracer
31:03 Ring Archer Armor
31:39 Chemistry
30:43 Husbandry
30:53 Bloodlines
31:35 Ballistics
30:57 Treadmill Crane
34:13 Elite Tiger Cavalry
34:59 Scale Barding Armor
35:04 Forging
35:42 Ming Guang Armor
36:12 Chain Barding Armor
38:05 Iron Casting
57:32 Blast Furnace
55:56 Light Cavalry
57:35 Tuntian
56:58 Hussar
58:25 Murder Holes
59:15 Hoardings
楚逸辰
11:18 Feudal Age
11:44 Horse Collar
11:50 Double-Bit Axe
12:44 Wheelbarrow
14:12 Loom
16:57 Castle Age
15:37 Gold Mining
19:35 Heavy Plow
19:56 Hand Cart
22:09 Stone Mining
22:29 Town Watch
24:17 Bow Saw
24:45 Fletching
26:20 Chatras
29:41 Imperial Age
27:16 Padded Archer Armor
29:04 Leather Archer Armor
28:45 Bodkin Arrow
28:51 Scale Mail Armor
29:01 Forging
29:07 Elite Skirmisher
29:52 Thumb Ring
30:05 Fortified Wall
30:32 Ballistics
30:44 Imperial Skirmisher
31:57 Ring Archer Armor
31:28 Bracer
31:34 Scale Barding Armor
31:47 Chain Mail Armor
31:28 Treadmill Crane
32:46 Paper Money
34:01 Two-Man Saw
32:35 Pikeman
33:55 Iron Casting
34:37 Chemistry
33:43 Siege Engineers
35:12 Crop Rotation
35:24 Squires
35:10 Arson
35:40 Chatras
36:25 Guilds
36:18 Murder Holes
36:35 Pikeman
38:56 Bombard Tower
38:12 Halberdier
39:29 Plate Mail Armor
52:48 Hoardings
53:39 Coinage
53:10 Caravan
59:05 Capped Ram
65:54 Banking
78:40 Scale Barding Armor
80:17 Husbandry
80:27 Bloodlines
80:41 Chain Barding Armor
82:41 Plate Barding Armor
81:30 Light Cavalry
92:44 Elite Battle Elephant
95:05 Man-at-Arms
95:37 Long Swordsman
98:16 Two-Handed Swordsman
'HelloWorld'
10:39 Feudal Age
15:24 Castle Age
14:08 Double-Bit Axe
14:16 Gold Mining
14:34 Horse Collar
18:45 Wheelbarrow
21:49 Hand Cart
28:43 Imperial Age
26:37 Heavy Plow
26:43 Loom
27:42 Gold Shaft Mining
27:20 Bow Saw
28:55 Scale Mail Armor
29:05 Forging
29:11 Town Watch
30:16 Conscription
30:27 Town Patrol
29:54 Heavy Scorpion
30:51 Pikeman
31:56 Arson
32:29 Chain Mail Armor
32:50 Iron Casting
33:31 Furor Celtica
33:10 Halberdier
34:30 Siege Engineers
35:29 Chemistry
36:30 Plate Mail Armor
37:01 Blast Furnace
37:41 Onager
48:26 Siege Onager
59:27 Caravan
Connection lost

Rejoining the realm…

Still unreachable

The connection could not be restored.

Session expired

The server has moved on; the page needs a fresh start.